 Dungeon Crawl Stone Soup version 0.30-a0-373-gd37427bb62 (webtiles) character file.

Game seed: 16086634715343699215

947 funkygono the Firebug (level 7, -5/47 HPs)
             Began as a Demonspawn Fire Elementalist on Nov 23, 2022.
             Was a Follower of Vehumet.
             Slain by an ice devil (19 damage)
             ... summoned by a kobold demonologist
             ... on level 5 of the Dungeon.
             The game lasted 00:10:21 (5887 turns).

funkygono the Firebug (DsFE)                        Turns: 5887, Time: 00:10:22

Health: -5/47      AC:  9    Str:  8      XL:     7   Next: 89%
Magic:  10/15      EV: 12    Int: 19      God:    Vehumet [*.....]
Gold:   257        SH:  0    Dex: 12 (13) Spells: 7/17 levels left

rFire   + . .      SeeInvis .    q - +0 whip
rCold   x . .      Faith    .    (no shield)
rNeg    . . .      Spirit   .    a - +0 robe
rPois   .          Reflect  .    e - +2 helmet
rElec   .          Harm     .    (no cloak)
rCorr   .          Rampage  .    k - +0 pair of gloves
Will    .....                    (no boots)
Stlth   ++........               (no amulet)
HPRegen 0.27/turn                i - ring of fire
MPRegen 0.14/turn                (no ring)

@: about to teleport
A: icy blue scales 2, ignite blood 1, spiny 1
a: Renounce Religion


You were on level 5 of the Dungeon.
You worshipped Vehumet.
Vehumet was aware of your devotion.
You visited 2 branches of the dungeon, and saw 6 of its levels.

You collected 257 gold pieces.

Inventory:

Hand Weapons
 c - a +0 club
 p - a +0 dagger of speed
 q - a +0 whip (weapon)
 u - the +4 spear of Fimbulwinter {elec, Dex+5}
   (You found it on level 5 of the Dungeon)

   It occasionally discharges a powerful burst of electricity upon striking a
   foe.
   Dex:       It affects your dexterity (+5).
Armour
 a - a +0 robe (worn)
 e - a +2 helmet (worn)
 k - a +0 pair of gloves (worn)
 l - an orb of energy
 m - a scarf of shadows
 n - a +2 hat
Jewellery
 i - a ring of fire (left hand)
 s - a ring of ice
 t - the amulet of Reimbursement {Spirit -Tele rF- Will+++ Stlth+}
   (You found it on level 4 of the Dungeon)

   [amulet of guardian spirit]

   It causes incoming damage to be divided between your reserves of health and
   magic.
   rF:        It makes you vulnerable to fire.
   -Tele:     It prevents most forms of teleportation.
   Will:      It greatly increases your willpower.
   Stlth:     It makes you more stealthy.
Wands
 y - a wand of mindburst (10)
Scrolls
 g - a scroll of identify
 h - 2 scrolls of blinking
 v - 3 scrolls of vulnerability {unknown}
Potions
 b - a potion of magic
 d - 2 potions of invisibility
 f - a potion of cancellation
 j - 2 potions of haste
 o - 3 potions of curing
 r - 2 potions of ambrosia
 x - a potion of degeneration {unknown}


   Skills:
 + Level 0.6 Fighting
 + Level 0.2 Maces & Flails
 + Level 2.1 Dodging
 - Level 1.7 Stealth
 + Level 5.5 Spellcasting
 + Level 3.4 Conjurations
 + Level 0.1 Translocations
 + Level 5.9 Fire Magic
 + Level 0.1 Air Magic


You had 7 spell levels left.
You knew the following spells:

 Your Spells              Type           Power      Damage    Failure   Level
a - Foxfire               Conj/Fire      100%       2x1d9     1%          1
b - Scorch                Fire           82%        2d9       1%          2
c - Kindle Blastsparks    Fire/Tloc/Air  38%        2d13      16%         3
d - Flame Wave            Conj/Fire      34%        2d10      17%         4

Your spell library contained the following spells:

 Spells                   Type           Power      Damage    Failure   Level
 Shock                    Conj/Air       48%        1d6       5%          1
 Magic Dart               Conj           72%        1d6       3%          1
 Inner Flame              Hex/Fire       24%        N/A       11%         3
 Apportation              Tloc           10%        N/A       12%         1
 Call Imp                 Summ           5%         N/A       19%         2
 Mephitic Cloud           Conj/Pois/Air  9%         N/A       22%         3
 Call Canine Familiar     Summ           5%         N/A       34%         3
 Ozocubu's Armour         Ice            5%         N/A       34%         3
 Portal Projectile        Hex/Tloc       10%        N/A       34%         3
 Leda's Liquefaction      Hex/Erth       2%         N/A       75%         4
 Petrify                  Tmut/Erth      5%         N/A       75%         4
 Arcjolt                  Conj/Air       6%         1d16      83%         5
 Freezing Cloud           Conj/Ice/Air   4%         6-21      89%         5
 Alistair's Intoxication  Tmut/Pois      3%         N/A       97%         5
 Metabolic Englaciation   Hex/Ice        2%         N/A       97%         5
 Conjure Ball Lightning   Conj/Air       6%         3x3d6     100%        6
 Simulacrum               Ice/Necr       2%         N/A       100%        6
 Statue Form              Tmut/Erth      3%         N/A       100%        6


Dungeon Overview and Level Annotations

Branches:
Dungeon (5/15)             Temple (1/1) D:4

Altars:
Ashenzari
Dithmenos
Fedhas
Gozag
Hepliaklqana
Kikubaaqudgha
Nemelex Xobeh
Okawaru
Qazlal
Sif Muna
Trog
Uskayaw
Vehumet
Wu Jian
Xom
Lugonu

Shops:
D:1 *   D:3 !

Portals:
Abyss: D:1

Annotations:
D:1 2 runed translucent doors
D:5 1 transporter


Innate Abilities, Weirdness & Mutations

You are mostly covered in icy blue scales. (AC +3)
Your demonic aura sometimes causes spilled blood to erupt in flames.
You are partially covered in sharp spines.


Message History

The puff of frost hits you!
You feel a terrible chill!
* * * LOW HITPOINT WARNING * * *
Casting: Foxfire (safe; 1% risk of failure)
Confirm with . or Enter, or press ? or * to list all spells.
You feel a surge of power!
You conjure some foxfire!
The foxfire hits the iron imp.
The iron imp completely resists.
The iron imp is lightly wounded.
The foxfire hits the iron imp.
The iron imp completely resists.
The iron imp is lightly wounded.
The foxfire hits the iron imp.
The iron imp completely resists.
The iron imp is lightly wounded.
The white imp hits you but does no damage.
The iron imp barely misses you. The white imp attacks as you move away!
The white imp closely misses you.
The foxfire hits the iron imp.
The iron imp completely resists.
The iron imp is lightly wounded.
The kobold demonologist casts a spell.
There is an open door here.
The white imp grins evilly.
There is a transporter landing site here.
Okay, then.
As you read the scroll of teleportation, it crumbles to dust.
You feel strangely unstable. The iron imp misses you.
Unknown command.
You hit the iron imp but do no damage.
The iron imp is lightly wounded.
The iron imp hits you.
* * * LOW HITPOINT WARNING * * *
Unknown command.
Okay, then.
You feel better.
Casting: Foxfire (safe; 1% risk of failure)
Confirm with . or Enter, or press ? or * to list all spells.
You feel a surge of power!
You conjure some foxfire!
The iron imp disappears in a puff of smoke!
The iron imp hits you but does no damage.
The ice devil hits you.
* * * LOW HITPOINT WARNING * * *
The ice devil freezes you!!
You feel a terrible chill!
You die...

#######.#.≈...≈.#......##.###
##.......#.≈~~~≈.#......##.###
##........#.≈~♣~≈.#......##..##
#>........#.≈~~~≈.#.....####...
#.........#§≈...≈.#....########
#.........#K≈...≈.#.#####......
#.........####5####.# #.#####
#.........#P.v54.P#.# ##.# #.
##........#8P.@vP8#.####..# #.
##.......#########......## #.
######......©......##### ##
#.###.........#
##.........#####
#...........####
#...#######....########## #####
####........... ############


You could see an ice devil (summoned, ally target), a kobold demonologist, an
iron imp (summoned, ally target) and a white imp (summoned).

Vanquished Creatures
  2 ice beasts
  2 ogres (D:5)
  A scorpion (D:5)
  2 gnoll sergeants (D:5)
  2 jellies
  A hound (D:3)
  An orc priest (D:5)
  2 iguanas (D:5)
  9 gnolls (D:5)
  2 adders
  3 shadow imps (D:5)
  A white imp (D:4)
  An ufetubus (D:4)
  2 worms (D:2)
  A dart slug (D:2)
  11 orcs
  7 endoplasms
  5 giant cockroaches
  5 hobgoblins
  11 jackals
  5 quokkas
  4 ball pythons
  4 bats
  5 frilled lizards
  9 goblins
  6 kobolds
  2 rats (D:3)
106 creatures vanquished.

Vanquished Creatures (collateral kills)
  A foxfire (D:5)
1 creature vanquished.

Vanquished Creatures (others)
  299 foxfires
299 creatures vanquished.

Grand Total: 406 creatures vanquished

Notes
Turn   | Place    | Note
-------+----------+-------------------------------------------
     0 | D:1      | funkygono the Demonspawn Fire Elementalist began the quest
                  | for the Orb.
     0 | D:1      | Reached XP level 1. HP: 13/13 MP: 3/3
    27 | D:1      | Found a large runed translucent door.
    27 | D:1      | Found a large runed translucent door.
    27 | D:1      | Found a one-way gate to the infinite horrors of the Abyss.
    27 | D:1      | Noticed a quasit
    28 | D:1      | Noticed an iron imp
    68 | D:1      | Noticed a crimson imp
    69 | D:1      | Found a corrupted altar of Lugonu.
    69 | D:1      | Noticed an iron imp
    72 | D:1      | Noticed an iron imp
    73 | D:1      | Noticed a crimson imp
   264 | D:1      | Gained mutation: You are partially covered in sharp spines.
                  | [demonic ancestry]
   264 | D:1      | Reached XP level 2. HP: 19/19 MP: 0/5
   440 | D:1      | Learned a level 2 spell: Scorch
   462 | D:1      | Found Haopn's General Store.
   884 | D:1      | Found a faded altar of an unknown god.
  1159 | D:2      | Identified the +4 sling of the Sky {freeze, rElec rF+ Str+3
                  | Int+2}
  1302 | D:2      | Reached XP level 3. HP: 24/24 MP: 0/6
  1374 | D:2      | Learned a level 3 spell: Kindle Blastsparks
  1514 | D:2      | Found a blossoming altar of Fedhas.
  2446 | D:3      | Reached XP level 4. HP: 29/30 MP: 0/7
  2627 | D:3      | Found an iron altar of Okawaru.
  2658 | D:3      | Found Peepn's Distillery.
  2948 | D:3      | Found a hazy altar of Hepliaklqana.
  3521 | D:4      | Found a staircase to the Ecumenical Temple.
  3536 | Temple   | Entered the Ecumenical Temple
  3570 | Temple   | Became a worshipper of Vehumet
  3800 | D:4      | Gained mutation: You are partially covered in icy blue
                  | scales. (AC +2) [demonic ancestry]
  3800 | D:4      | Reached XP level 5. HP: 35/35 MP: 1/9
  3910 | D:4      | Found a hide-covered altar of Uskayaw.
  4044 | D:4      | Identified the amulet of Reimbursement {Spirit -Tele rF-
                  | Will+++ Stlth+}
  4478 | D:4      | Learned a level 4 spell: Flame Wave
  4526 | D:5      | Entered Level 5 of the Dungeon
  4532 | D:5      | Identified the +4 spear of Fimbulwinter {elec, Dex+5}
  4556 | D:5      | Noticed an ice beast
  4568 | D:5      | Killed an ice beast
  4569 | D:5      | Gained mutation: Your demonic aura sometimes causes spilled
                  | blood to erupt in flames. [demonic ancestry]
  4569 | D:5      | Reached XP level 6. HP: 41/41 MP: 2/11
  4909 | D:5      | Reached * piety under Vehumet
  4909 | D:5      | Offered knowledge of Shock by Vehumet.
  4910 | D:5      | Reached skill level 5 in Fire Magic
  5059 | D:5      | Gained mutation: You are mostly covered in icy blue scales.
                  | (AC +3) [demonic ancestry]
  5059 | D:5      | Reached XP level 7. HP: 30/46 MP: 3/13
  5277 | D:4      | Reached skill level 5 in Spellcasting
  5412 | D:5      | Found a shimmering altar of Xom.
  5470 | D:5      | Got the Precepts of the Birds
  5602 | D:5      | Found a transporter.
  5604 | D:5      | Found a transporter.
  5614 | D:5      | Noticed a kobold demonologist
  5882 | D:5      | Noticed an ice devil
  5887 | D:5      | Slain by an ice devil

Illustrated notes

Levels and vault maps discovered:
D:1:      erik_arrival_cave_to_civilisation [erik_arrival_cave_to_temple],
          layout_basic, hellmonk_ecumenical_altar_heavens_door, serial_shops,
          shop, minivault_11
D:2:      layout_basic, basic_altar
D:3:      layout_loops_cross, kennysheep_okawaru_gauntlet,
          mainiacjoe_overflow_divided_tiny, serial_shops,
          nicolae_shop_hallway_stairs, st_stairs_9,
          chequers_serial_rivers_micro_c
D:4:      layout_loops_cross, kennysheep_mini_moat, minmay_temple_entry_tees
D:5:      gammafunk_wand_slinger, layout_rooms, mainiacjoe_overflow_tiny_flanked
Temple:   chequers_temple_sunken

Skill      XL: |  1  2  3  4  5  6  7 |
---------------+----------------------+-----
Fire Magic     | 3 4 5 |  5.9
Conjurations   | 2 3 |  3.4
Spellcasting   | 3 4 5 |  5.5
Dodging        | 2 |  2.1
Fighting       | |  0.6
Maces & Flails | |  0.2
Stealth        | |  1.7
Translocations | |  0.1
Air Magic      | |  0.1

Action                   |  1- 3 |  4- 6 |  7- 9 || total
-------------------------+-------+-------+-------++-------
Melee: Club              |     3 |       |       ||     3
       Whip              |     1 |     3 |    12 ||    16
 Cast: Foxfire           |    66 |    70 |    37 ||   173
       Scorch            |     3 |    23 |    14 ||    40
       Kindle Blastspark |       |     1 |       ||     1
  Use: Scroll            |     6 |     7 |     1 ||    14
       Potion            |       |       |     3 ||     3
Armor: Robe              |     4 |     7 |    18 ||    29
Dodge: Dodged            |     7 |    12 |    35 ||    54

Table legend: (Time is in decaauts)
 A = Elapsed time spent in this place.
 B = Non-inter-level travel time spent in this place.
 C = Inter-level travel time spent in this place.
 D = Time resting spent in this place.
 E = Time spent auto-exploring this place.
 F = Levels seen in this place.
 G = Mean time per level.
                   A        B        C        D        E       F      G
               +--------+--------+--------+--------+--------+-----+--------+
         Total |   5930 |   5744 |    186 |    155 |   4802 |   6 |  988.3 |
       Dungeon |   5700 |   5547 |    153 |    155 |   4617 |   5 | 1140.0 |
        Temple |    230 |    198 |     32 |      0 |    185 |   1 |  230.0 |
               +--------+--------+--------+--------+--------+-----+--------+

Top non-repeatable levels by time:
     D:4: 1314 daAuts
     D:2: 1311 daAuts
     D:3: 1065 daAuts
     D:1: 1040 daAuts
     D:5: 968 daAuts
  Temple: 230 daAuts
